AoeStats
← qwyt

Enclosed

506106992Analyzed
1v1 RM · 19d ago on Sep 12, 2026· 39m 54s· 2 players
Game mode
Random Map
Map size
Tiny (2 player)
Population
200
Speed
Normal
Resources
Standard
Victory
Conquest
Starting age
Dark Age
Ending age
Imperial Age
RankedLock teamsTeams togetherTeam positionsShared explorationLock speedFull tech treeHidden civsTurbo modeCheats
Victory
Defeat
🇱🇹 Burgundians · Lithuania
1641
+14
🇮🇹 Vikings · Italy
1602
-14
Malelf
5:34 Loom
9:04 Feudal Age
9:31 Man-at-Arms
12:05 Loom
13:15 Scale Mail Armor
16:05 Fletching
16:21 Padded Archer Armor
17:08 Horse Collar
22:34 Castle Age
20:39 Gold Mining
23:16 Bodkin Arrow
23:37 Leather Archer Armor
24:29 Crossbowman
26:07 Pikeman
28:02 Double-Bit Axe
29:39 Chain Mail Armor
30:15 Bow Saw
31:23 Forging
32:49 Iron Casting
32:23 Squires
37:28 Chieftains
38:20 Gold Shaft Mining
37:35 Stone Mining
qwyt
4:00 Double-Bit Axe
6:33 Loom
8:57 Feudal Age
12:46 Horse Collar
13:27 Fletching
16:56 Bow Saw
18:56 Gold Mining
19:49 Wheelbarrow
20:48 Town Watch
23:38 Castle Age
23:30 Scale Barding Armor
24:51 Chain Barding Armor
24:57 Husbandry
24:32 Cavalier
34:58 Forging
Connection lost

Rejoining the realm…

Still unreachable

The connection could not be restored.

Session expired

The server has moved on; the page needs a fresh start.